 Dungeon Crawl Stone Soup version 0.29.0-4-gdea44cf6ec (webtiles) character file.

Game seed: 10250583210676775146

17 qw the Sneak (level 2, -6/19 HPs)
             Began as a Gargoyle Delver on Sept 10, 2022.
             Mangled by a lemure (7 damage)
             ... led by Pikel
             ... on level 4 of the Dungeon.
             The game lasted 00:00:08 (287 turns).

qw the Sneak (Gargoyle Delver)                       Turns: 287, Time: 00:00:08

Health: -6/19      AC:  5    Str: 15    XL:     2   Next: 62%
Magic:  2/2        EV: 11    Int: 10    God:
Gold:   8          SH:  0    Dex: 11    Spells: 1/1 levels left

rFire   . . .      SeeInvis .   e - +0 war axe
rCold   . . .      Faith    .   (no shield)
rNeg    + . .      Spirit   .   b - +0 leather armour
rPois   inf        Reflect  .   (no helmet)
rElec   +          Harm     .   (no cloak)
rCorr   .          Rampage  .   (no gloves)
Will    .....                   (no boots)
Stlth   +++.......              (no amulet)
HPRegen 0.06/turn               (no ring)
MPRegen 0.08/turn               (no ring)

@: no status effects
A: sickness immunity, AC +2, negative energy resistance 1, electricity
resistance, torment resistance 1, petrification resistance
a: no special abilities


You were on level 4 of the Dungeon.
You visited 1 branch of the dungeon, and saw 2 of its levels.

You collected 8 gold pieces.


Innate Abilities, Weirdness & Mutations

You are immune to sickness and miasma.
Your stone body is resilient. (AC +2)
You are immune to poison.
You resist negative energy. (rN+)
You are resistant to electric shocks. (rElec)
You are resistant to unholy torment.
You are immune to petrification.


   Skills:
 - Level 3.2 Fighting
 + Level 2.8 Axes
 - Level 1.5 Dodging
 - Level 5.4 Stealth


You had one spell level left.
You didn't know any spells.
Your spell library was empty.

Inventory:

Hand Weapons
 a - a +2 flail of protection
 e - a +0 war axe (weapon)
Armour
 b - a +0 leather armour (worn)
 h - a +0 ring mail
Wands
 g - a wand of digging (3)
Scrolls
 c - a scroll of enchant weapon {unknown}
Potions
 f - a potion of haste

Dungeon Overview and Level Annotations

Branches:
Dungeon (5/15)
 Temple: D:4-7

Altars:

Annotations:
D:4 Pikel


Message History

The lemure shouts! x2
You slash the adder!
You kill the adder!
The lemure barely misses you.
275 ||| Stepping ~*~*~tactically~*~*~ (stealth).
You hit the lemure but do no damage. The lemure hits you but does no damage.
You barely miss the lemure. The lemure closely misses you. x2
You slash the lemure!
The lemure is moderately wounded.
The lemure closely misses you.
You closely miss the lemure.
The lemure is moderately wounded.
The lemure hits you.
You barely miss the lemure.
The lemure is moderately wounded.
The lemure hits you. x2
You barely miss the lemure.
The lemure is moderately wounded.
The lemure completely misses you.
You closely miss the lemure.
The lemure is moderately wounded.
The lemure hits you but does no damage.
You slash the lemure!
The lemure is heavily wounded.
The lemure completely misses you. The lemure barely misses you.
You hit the lemure.
The lemure is severely wounded.
The lemure hits you but does no damage.
You hit the lemure.
The lemure is almost dead.
The lemure hits you!
You closely miss the lemure.
The lemure is almost dead.
The lemure hits you. The lemure completely misses you.
You hit the lemure.
The lemure is almost dead.
The lemure hits you!
You die...

##.###.#########(.......
#.# #.........>........
#.# #####..###..######.
#.# #......)#######+ #.#
##.###.)........ #.# #.#
##########+ #.# ###
#.##########
#.........@#
##########5# #J# #5# #5#
#.. #.. #... #..J


You could see 3 lemures and an endoplasm.

Vanquished Creatures
  An adder (D:4)
  4 orcs (D:4)
5 creatures vanquished.

Notes
Turn   | Place    | Note
-------+----------+-------------------------------------------
     0 | D:5      | qw the Gargoyle Delver began the quest for the Orb.
     0 | D:5      | Reached XP level 1. HP: 14/14 MP: 1/1
     0 | D:5      | 0 ||| qw: Version: 0.1-a-116-g5d60599
     0 | D:5      | 0 ||| qw: Game counter: 8707
     0 | D:5      | 0 ||| qw: Always use a shield: true
     0 | D:5      | 0 ||| qw: God list: Okawaru
     0 | D:5      | 0 ||| qw: Allow faded altars: false
     0 | D:5      | 0 ||| qw: Do Orc after D:15 true
     0 | D:5      | 0 ||| qw: Do second Lair branch before Depths: true
     0 | D:5      | 0 ||| qw: Lair rune preference: random
     0 | D:5      | 0 ||| qw: Plans: Normal
     0 | D:5      | 0 ||| PLANNING D:1-11
     0 | D:5      | 0 ||| DROPPING scroll of fog.
     1 | D:5      | 1 ||| DROPPING scroll of magic mapping.
     2 | D:5      | 2 ||| DROPPING scroll of fear.
    33 | D:4      | 33 ||| Stepping ~*~*~tactically~*~*~ (stealth).
    35 | D:4      | Reached XP level 2. HP: 10/19 MP: 2/2
   215 | D:4      | 215 ||| SWAPPING to +0 war axe.
   216 | D:4      | 216 ||| DROPPING +0 hand axe.
   227 | D:4      | 227 ||| DROPPING +0 flail.
   265 | D:4      | Noticed a lemure
   266 | D:4      | 266 ||| Stepping ~*~*~tactically~*~*~ (stealth).
   269 | D:4      | Noticed a lemure
   269 | D:4      | Noticed Pikel
   271 | D:4      | Noticed a lemure
   275 | D:4      | 275 ||| Stepping ~*~*~tactically~*~*~ (stealth).
   285 | D:4      | HP: 3/19 [lemure[Pikel] (7)]
   286 | D:4      | HP: 1/19 [lemure[Pikel] (2)]
   287 | D:4      | Mangled by a lemure

Levels and vault maps discovered:
D:4:      layout_basic, tso_metal_star, serial_glass, glass_columns_c,
          glass_columns_a, grunt_ministairs_6, uniq_pikel,
          uniq_crazy_yiuf_cottage
D:5:      layout_cave_pods, minmay_temple_entry_statues,
          chequers_serial_rivers_room_a

Skill      XL: |  1 |
---------------+----+-----
Axes           | 2 |  2.8
Fighting       | |  3.2
Dodging        | |  1.5
Stealth        | |  5.4

Action                   || total
-------------------------++-------
Melee: Hand axe          ||    12
       Punch             ||     1
       War axe           ||    18
Armor: Leather armour    ||     7
Dodge: Dodged            ||    23

Table legend:
 A = Non-vault XP
 B = Vault XP
 C = Vault XP percentage of total XP
 D = Non-vault monster count
 E = Vault monster count
 F = Vault count percentage of total count
                 A         B        C        D         E       F
            +---------+---------+-------+---------+---------+-------
      Total |      25 |       0 |   0.0 |       5 |       0 |   0.0
            +---------+---------+-------+---------+---------+-------
        D:4 |      25 |       0 |   0.0 |       5 |       0 |   0.0
            +---------+---------+-------+---------+---------+-------
